 Seeded DCSS version 0.32-a0-35-gd9ff480968 (webtiles) character file.

Game seed: 9872065412798756122 (custom seed)

317 timneilson the Ruffian (level 6, 0/41 HPs)
             Began as an Octopode Shapeshifter on Jan 21, 2024.
             Was an Initiate of Gozag.
             Slain by dacreux's ghost (1 damage)
             ... on level 3 of the Dungeon.
             The game lasted 00:03:52 (3016 turns).

timneilson the Ruffian (Octopode Shapeshifter)      Turns: 3016, Time: 00:03:52

Health: 0/41       AC:  1    Str: 15    XL:     6   Next: 44%
Magic:  6/6        EV: 13    Int: 13    God:    Gozag
Gold:   206        SH:  0    Dex: 11    Spells: 5/5 levels left

rFire   . .          .
                       - Unarmed
rCold   . . .        (no shield)
rNeg    . . .        (helmet currently unavailable)
rPois   .            (no amulet)
rElec   .            (no ring)
rCorr   .            (no ring)
SInv    .            (no ring)
Will    .....        (no ring)
Stlth   +++          (no ring)
HPRegen 0.26/turn    (no ring)
MPRegen 0.10/turn    (no ring)
                     (no ring)

%: no passive effects
@: brilliant, beast-form
A: beast (slay +2), almost no armour, amphibious, 8 rings, camouflage 1,
gelatinous body 1, (nimble swimmer 1), tentacles
a: Begin Untransformation, Renounce Religion, Potion Petition, Call Merchant,
Bribe Branch


You were on level 3 of the Dungeon.
You worshipped Gozag.
Gozag was aware of your devotion.
You were a hulking beast.
You visited 1 branch of the dungeon, and saw 3 of its levels.

You collected 246 gold pieces.
You paid 40 gold pieces to Gozag.

Inventory:

Missiles
 d - 12 poisoned darts (quivered)
Jewellery
 m - an amulet of guardian spirit
Talismans
 b - a beast talisman
 c - a flux talisman
 p - a talisman of death
Scrolls
 f - 2 scrolls of revelation
 g - a scroll of teleportation {unknown}
 h - a scroll of fear
 j - a scroll of brand weapon
 k - 2 scrolls of identify
 l - a scroll of poison
Potions
 a - a potion of lignification
 e - 2 potions of magic {unknown}
 i - a potion of enlightenment {unknown}


   Skills:
 * Level 2.9 Fighting
 * Level 3.4 Dodging
 + Level 2.6 Stealth
 * Level 4.2 Unarmed Combat
 * Level 4.0 Shapeshifting


You had 5 spell levels left.
You didn't know any spells.
Your spell library contained the following spells:

 Spells                   Type           Power      Damage    Failure   Level
 Ensorcelled Hibernation  Hex/Ice        0%         N/A       43%         2
 Passwall                 Erth           0%         N/A       67%         3
 Swiftness                Air            0%         N/A       67%         3


Dungeon Overview and Level Annotations

Branches:
Dungeon (3/15)

Altars:
Dithmenos
Gozag
Nemelex Xobeh
Xom

Shops:
D:1 :

Annotations:
D:3 dacreux's ghost, weakling GnWn


Innate Abilities, Weirdness & Mutations

You are a hulking beast.
Your limbs bulge with bestial killing power. (Slay +2)
You cannot wear most types of armour.
You are amphibious.
You can wear up to eight rings at the same time.
Your skin changes colour to match your surroundings (Stealth+).
Your rubbery body absorbs attacks. (AC +1, EV +1)
((You are camouflaged when in or above water. (Stealth+)))
You have tentacles for arms and can constrict up to eight enemies at once.


Message History

Dacreux's ghost misses you.
You completely miss dacreux's ghost. Your squeeze misses dacreux's ghost.
Dacreux's ghost is heavily damaged.
Dacreux's ghost hits you!
You miss dacreux's ghost.
Dacreux's ghost is heavily damaged.
Dacreux's ghost barely misses you.
You closely miss dacreux's ghost. Your squeeze misses dacreux's ghost.
Dacreux's ghost is heavily damaged.
Dacreux's ghost hits you.
You miss dacreux's ghost. Your squeeze misses dacreux's ghost.
Dacreux's ghost is heavily damaged.
You barely miss dacreux's ghost.
Dacreux's ghost is heavily damaged.
Dacreux's ghost barely misses you.
You closely miss dacreux's ghost.
Dacreux's ghost is heavily damaged.
Dacreux's ghost hits you.
You miss dacreux's ghost.
Dacreux's ghost is heavily damaged.
Dacreux's ghost whispers, "The ORB doesn't exist."
Dacreux's ghost hits you!
* * * LOW HITPOINT WARNING * * *
You feel much better. Dacreux's ghost hits you!
* * * LOW HITPOINT WARNING * * *
You barely miss dacreux's ghost. Your squeeze misses dacreux's ghost.
Dacreux's ghost is heavily damaged.
Dacreux's ghost closely misses you.
You miss dacreux's ghost.
Dacreux's ghost is heavily damaged.
Dacreux's ghost closely misses you.
You miss dacreux's ghost.
Dacreux's ghost is heavily damaged.
Dacreux's ghost hits you!
* * * LOW HITPOINT WARNING * * *
It was a potion of brilliance.
You feel clever all of a sudden. Dacreux's ghost hits you.
You die...
Your body crumbles into a pile of gold.

##.#............#
#.#.........##.########
#.#.........##..#.....#
#......>....###...###'###
##..########8....##.....##
#..#8.....#..#.##...8...##
####.#..##..#..#.#.........#
##...#..8#oo#..#.#.⌠._._.⌠.#
##.#.#..##oW#..#h#...).....#
#..#.#....#.#..#W##...8...##
..##<#....#.o...o###.....##
.#####_.8.#.'..o## #######
## [...#.'..## # ....#.#..#
..##..#..# ..8#..#..#
.##..#..#


You could see dacreux's ghost and 2 orcs.

Vanquished Creatures
  Sigmund (D:3)
  A kobold brigand (D:3)
  2 adders
  A ribbon worm (D:3)
  3 orcs (D:3)
  A bat (D:1)
  9 endoplasms
  A giant cockroach (D:2)
  4 goblins
  7 hobgoblins
  A ball python (D:2)
  2 frilled lizards (D:1)
  11 kobolds
  4 rats
48 creatures vanquished.

Notes
Turn   | Place    | Note
-------+----------+-------------------------------------------
     0 | D:1      | timneilson the Octopode Shapeshifter began the quest for
                  | the Orb.
     0 | D:1      | Reached XP level 1. HP: 13/13 MP: 1/1
   252 | D:1      | Reached XP level 2. HP: 18/18 MP: 2/2
   261 | D:1      | Found Logiotz's Book Emporium.
  1235 | D:2      | Reached skill level 1 in Stealth
  1235 | D:2      | Reached XP level 3. HP: 7/23 MP: 3/3
  1951 | D:2      | Found a faded altar of an unknown god.
  2108 | D:3      | Found a sparkling altar of Nemelex Xobeh.
  2109 | D:3      | Found an opulent altar of Gozag.
  2114 | D:3      | Became a worshipper of Gozag Ym Sagoz the Greedy
  2128 | D:3      | Found a runed translucent gate.
  2128 | D:3      | Found a runed translucent gate.
  2128 | D:3      | Found a runed translucent gate.
  2128 | D:3      | Noticed dacreux's ghost (weakling GnWn)
  2129 | D:3      | Identified the +2 leather armour of Nubi {rElec Regen+}
  2197 | D:3      | Found a shadowy altar of Dithmenos.
  2199 | D:3      | Found a shimmering altar of Xom.
  2361 | D:3      | Noticed Sigmund
  2374 | D:3      | Killed Sigmund
  2375 | D:3      | Reached XP level 4. HP: 19/30 MP: 4/4
  2375 | D:3      | Reached XP level 5. HP: 22/35 MP: 5/5
  2375 | D:3      | Reached XP level 6. HP: 26/41 MP: 6/6
  3015 | D:3      | HP: 1/41 [dacreux's ghost (9)]
  3016 | D:3      | Slain by dacreux's ghost

Illustrated notes

Levels and vault maps discovered:
D:1:      dpeg_arrival_stone_temple_mockup, layout_loops_corners, serial_shops,
          shop, minmay_split_cup_large
D:2:      layout_basic, chequers_ecumenical_altar_grove, chequers_jeans
D:3:      cheibrodos_thug_alley, layout_rooms, grunt_temple_overflow_opulence,
          grunt_temple_overflow_open, biasface_ghost_orc_armoury, uniq_sigmund

Skill      XL: |  1  2  3  4  5  6 |
---------------+-------------------+-----
Stealth        | 1 2 |  2.6
Fighting       | 2 |  2.9
Dodging        | 3 |  3.4
Unarmed Combat | 4 |  4.2
Shapeshifting  | 4 |  4.0

Action                     |  1- 3 |  4- 6 || total
---------------------------+-------+-------++-------
  Melee: Unarmed           |    65 |    51 ||   116
         Constrict         |     9 |     6 ||    15
         Tentacles         |    14 |     4 ||    18
         Punch             |     3 |       ||     3
    Use: Scroll            |    11 |       ||    11
         Potion            |     1 |     2 ||     3
   Stab: Sleeping          |     8 |     3 ||    11
         Distracted        |     1 |       ||     1
 Armour: Skin              |    27 |    19 ||    46
  Dodge: Dodged            |    28 |    23 ||    51

Table legend: (Time is in decaauts)
 A = Elapsed time spent in this place.
 B = Non-inter-level travel time spent in this place.
 C = Inter-level travel time spent in this place.
 D = Time resting spent in this place.
 E = Time spent auto-exploring this place.
 F = Levels seen in this place.
 G = Mean time per level.
                   A        B        C        D        E       F      G
               +--------+--------+--------+--------+--------+-----+--------+
         Total |   3007 |   2888 |    119 |    100 |   2270 |   3 | 1002.3 |
       Dungeon |   3007 |   2888 |    119 |    100 |   2270 |   3 | 1002.3 |
               +--------+--------+--------+--------+--------+-----+--------+

Top non-repeatable levels by time:
     D:2: 1048 daAuts
     D:1: 1007 daAuts
     D:3: 952 daAuts
